 Dungeon Crawl Stone Soup version 0.30-a0-390-g80c34de65d (webtiles) character file.

Game seed: 3428168905064237620

3201 bande the Cleaver (level 9, -8/56 HPs)
             Began as a Gargoyle Fighter on Dec 5, 2022.
             Mangled by an orc knight
             ... wielding a +0 glaive
              (22 damage)
             ... in a bailey.
             The game lasted 00:11:47 (7677 turns).

bande the Cleaver (Gargoyle Fighter)                Turns: 7677, Time: 00:11:48

Health: -8/56      AC: 19    Str: 21    XL:     9   Next: 96%
Magic:  9/9        EV:  7    Int:  8    God:
Gold:   409        SH:  7    Dex: 25    Spells: 8/8 levels left

rFire   . . .      SeeInvis .    n - +1 broad axe (venom)
rCold   . . .      Faith    .    c - +0 buckler
rNeg    + . .      Spirit   .    v - +0 chain mail
rPois   ∞          Reflect  .    (no helmet)
rElec   +          Harm     .    h - +1 cloak
rCorr   .          Rampage  .    (no gloves)
Will    .....                    (no boots)
Stlth   ..........               (no amulet)
HPRegen 0.29/turn                u - +6 ring of dexterity
MPRegen 0.11/turn                m - +6 ring of dexterity

@: mighty
A: sickness immunity, AC +6, negative energy resistance 1, electricity
resistance, torment resistance 1, petrification resistance
a: no special abilities


You were in a bailey.
You visited 2 branches of the dungeon, and saw 9 of its levels.
You also visited: Bailey.

You collected 409 gold pieces.

Inventory:

Hand Weapons
 a - a +0 war axe of protection
 n - a +1 broad axe of venom (weapon)
 B - a +0 vorpal flail
Armour
 c - a +0 buckler (worn)
 h - a +1 cloak (worn)
 v - a +0 chain mail (worn)
Jewellery
 g - a ring of resist corrosion
 k - a +6 ring of intelligence
 m - a +6 ring of dexterity (right hand)
 o - a ring of ice
 u - a +6 ring of dexterity (left hand)
Wands
 i - a wand of iceblast (5)
Scrolls
 j - 5 scrolls of fog
 p - a scroll of enchant armour
 r - a scroll of silence
 s - 2 scrolls of amnesia
 t - a scroll of identify
 w - 2 scrolls of blinking
Potions
 d - a potion of might
 e - a potion of flight {unknown}
 f - 5 potions of curing
 l - 4 potions of brilliance
 q - a potion of cancellation {unknown}
 x - a potion of mutation {unknown}
 z - a potion of heal wounds
 A - a potion of magic {unknown}


   Skills:
 + Level 6.5 Fighting
 + Level 8.8 Axes
 + Level 6.8 Armour
 + Level 6.0 Shields
 * Level 4.0 Evocations


You had 8 spell levels left.
You didn't know any spells.
Your spell library contained the following spells:

 Spells                   Type           Power      Damage    Failure   Level
 Foxfire                  Conj/Fire      0%         2x1d4     99%         1
 Frozen Ramparts          Ice            0%         1d1       100%        3
 Gell's Gravitas          Tloc           0%         N/A       100%        3
 Inner Flame              Hex/Fire       0%         N/A       100%        3
 Lesser Beckoning         Tloc           0%         N/A       100%        3
 Teleport Other           Tloc           0%         N/A       100%        3
 Vhi's Electric Charge    Tloc/Air       0%         N/A       100%        3
 Cause Fear               Hex            0%         N/A       100%        4
 Ice Form                 Ice/Tmut       0%         N/A       100%        4
 Summon Ice Beast         Ice/Summ       0%         N/A       100%        4
 Arcjolt                  Conj/Air       0%         1d10      100%        5
 Fireball                 Conj/Fire      0%         3d3       100%        5
 Dispersal                Tloc           0%         N/A       100%        6
 Starburst                Conj/Fire      0%         6d3       100%        6
 Discord                  Hex            0%         N/A       100%        8
 Maxwell's Capacitive Co  Air            0%         ∞         100%        8


Dungeon Overview and Level Annotations

Branches:
Dungeon (8/15)             Temple (1/1) D:6          Bailey (1/1)
   Lair: D:8-11

Altars:
Ashenzari
Cheibriados
Dithmenos
Elyvilon
Fedhas
Gozag
Hepliaklqana
Kikubaaqudgha
Makhleb
Nemelex Xobeh
Okawaru
Qazlal
Ru
Sif Muna
Trog
Uskayaw
Vehumet
Wu Jian
Xom
Zin
The Shining One

Portals:
Abyss: D:6

Annotations:
D:6 2 transporters, freelancePsychic's ghost, novice TrSu


Innate Abilities, Weirdness & Mutations

You are immune to sickness and miasma.
Your stone body is resilient. (AC +6)
You are immune to poison.
You resist negative energy. (rN+)
You are resistant to electric shocks. (rElec)
You are resistant to unholy torment.
You are immune to petrification.


Message History

You block the orc warrior's attack.
Things that are here:
a +0 spear; a +0 chain mail You block the orc warrior's attack.
The orc knight roars a battlecry!
The orcs go into a battle-frenzy!
The orc shouts!
The orc knight roars a battlecry!
You hear a shout!
You feel much better.
You feel very mighty all of a sudden.
The orc warrior hits you but does no damage.
The orc warrior hits you from afar with a +0 spear!!
The orc knight roars a battlecry!
An orc warrior comes into view. It is wielding a +0 halberd.
The orc warrior shouts!
You kill the orc warrior!
You block the orc warrior's attack. The orc warrior barely misses you.
You block the orc's attack.
The orc knight hits you but does no damage.
Your Shields skill increases to level 6!
You slash the orc warrior!
The orc warrior looks as sick as possible!
The orc warrior is moderately wounded.
You hit the orc warrior.
The orc warrior is poisoned.
You block the orc knight's attack.
The orc warrior hits you but does no damage.
An orc comes into view. It is wielding a +0 spear.
The orc hits you but does no damage.
The orc hits you from afar with a +0 spear.
The orc warrior hits you with a +0 spear!
* * * LOW HITPOINT WARNING * * *
The orc warrior barely misses you.
The orc knight hits you but does no damage.
The orc moves out of view.
The orc shouts!
The orc warrior hits you but does no damage.
The orc warrior barely misses you. The orc hits you but does no damage.
The orc knight hits you with a +0 glaive!!
You die...

####..≈≈≈≈...#
####.$#..≈≈≈≈≈..####
.....#...≈≈≈≈.....###
...##...≈≈≈≈..♣♣...♣♣♣
#.o#....≈ ≈..♣......♣♣
#8.#...######.........♣
#..#......).o......∩..♣
#.)'......)..)oo......♣
#..'.....).oo@........♣
#..#...)...........∩..♣
#8.#..o######.........♣
#..#....≈≈≈≈.........♣♣
...##.♣.≈≈≈≈..♣....♣♣♣
.....#...≈≈≈≈.....###
####.$#..♣≈≈≈≈..♣.## #.
♣≈≈≈≈≈...# ♣♣≈≈≈≈≈.♣#


You could see an orc knight, 3 orc warriors and 2 orcs.

Vanquished Creatures
  Pikel (D:7)
  2 water moccasins (D:6)
  Duvessa (D:6)
  3 orc warriors (Bailey)
  2 sky beasts
  A black bear (D:5)
  3 ice beasts (D:6)
  3 ogres
  A centaur (D:4)
  2 phantoms
  2 kobold brigands (D:7)
  2 necrophages
  Dowan (D:6)
  2 howler monkeys (D:7)
  5 orc priests
  6 hounds
  A jelly (D:5)
  4 iguanas
  2 orc wizards
  3 gnolls (D:5)
  9 adders
  A shadow imp (D:6)
  2 white imps
  4 ufetubi
  A worm (D:5)
  2 dart slugs
  31 orcs
  10 ball pythons
  5 endoplasms
  A giant cockroach (D:4)
  7 goblins
  5 hobgoblins
  6 jackals
  15 kobolds
  2 quokkas
  3 bats (D:1)
  3 frilled lizards (D:1)
  4 rats
158 creatures vanquished.

Vanquished Creatures (others)
  6 plants (D:2)
6 creatures vanquished.

Grand Total: 164 creatures vanquished

Notes
Turn   | Place    | Note
-------+----------+-------------------------------------------
     0 | D:1      | bande the Gargoyle Fighter began the quest for the Orb.
     0 | D:1      | Reached XP level 1. HP: 14/14 MP: 1/1
   144 | D:1      | Reached skill level 2 in Axes
   144 | D:1      | Reached XP level 2. HP: 19/19 MP: 2/2
   689 | D:2      | Reached XP level 3. HP: 23/23 MP: 3/3
  1113 | D:2      | Reached XP level 4. HP: 27/29 MP: 4/4
  1271 | D:2      | Found a faded altar of an unknown god.
  1306 | D:2      | Found a shimmering altar of Xom.
  1735 | D:3      | Reached skill level 3 in Axes
  1744 | D:3      | Reached XP level 5. HP: 22/33 MP: 5/5
  1994 | D:3      | Identified the +2 leather armour of Hubris {Rampage Slay+2}
  2783 | D:4      | Reached skill level 4 in Axes
  2834 | D:4      | Reached XP level 6. HP: 38/38 MP: 6/6
  2910 | D:4      | You fall into a shaft and drop 3 floors!
  2924 | D:7      | Noticed Pikel
  2956 | D:7      | HP: 1/38 [Pikel/+1 whip of flaming (4)]
  2961 | D:7      | Killed Pikel
  2962 | D:7      | Reached skill level 5 in Axes
  2962 | D:7      | Reached XP level 7. HP: 26/44 MP: 7/7
  3190 | D:7      | Reached skill level 5 in Armour
  3259 | D:7      | Reached skill level 6 in Axes
  3259 | D:7      | Reached XP level 8. HP: 48/48 MP: 8/8
  3415 | D:6      | Reached skill level 5 in Fighting
  3440 | D:6      | Reached skill level 5 in Shields
  3510 | D:6      | Noticed freelancePsychic's ghost (novice TrSu)
  3568 | D:5      | Entered Level 5 of the Dungeon
  3646 | D:5      | Reached skill level 1 in Evocations
  3879 | D:4      | Identified a scroll of acquirement
  3879 | D:4      | Acquired a +1 broad axe of venom
  4515 | D:5      | Reached skill level 7 in Axes
  4863 | D:5      | Reached XP level 9. HP: 33/55 MP: 9/9
  5170 | D:6      | Found a transporter.
  5177 | D:6      | Noticed an ettin
  5199 | D:6      | Found a transporter.
  5199 | D:6      | Found a one-way gate to the infinite horrors of the Abyss.
  5506 | D:6      | Noticed Duvessa
  5509 | D:6      | Noticed Dowan
  5514 | D:6      | Killed Duvessa
  5520 | D:6      | Killed Dowan
  5525 | D:6      | Reached skill level 8 in Axes
  5879 | D:6      | Found a staircase to the Ecumenical Temple.
  5888 | Temple   | Entered the Ecumenical Temple
  7276 | D:8      | Found a flagged portal.
  7285 | Bailey   | Entered a bailey
  7658 | Bailey   | Noticed an orc knight
  7677 | Bailey   | Mangled by an orc knight

Illustrated notes

Levels and vault maps discovered:
D:1:      dpeg_arrival_pond, layout_basic
D:2:      wad_lake_hut, layout_rooms, hellmonk_ecumenical_altar_lost_god,
          basic_altar
D:3:      layout_basic
D:4:      layout_loops_corners, minmay_bent
D:5:      layout_basic, minmay_misc_feat_nine_boxes
D:6:      layout_loops_cross, minmay_temple_entry_overgrown,
          gammafunk_ghost_abyssal_escape, minmay_diced_spiral, uniq_duvessa
D:7:      layout_loops_cross, bh_walls_and_bars, uniq_pikel
D:8:      layout_layer_cave, enter_bailey_2, lightli_orcish_oven
Temple:   mainiacjoe_temple_archimedes_tessellation
Bailey:   bailey_polearm_elven_captive_hellmonk, bailey

Skill      XL: |  1  2  3  4  5  6  7  8  9 |
---------------+----------------------------+-----
Axes           | 2 3 4 5 6 7 8 |  8.8
Armour         | 4 5 6 |  6.8
Fighting       | 4 5 6 |  6.5
Shields        | 4 5 6 |  6.0
Evocations     | 2 4 |  4.0

Action                   |  1- 3 |  4- 6 |  7- 9 || total
-------------------------+-------+-------+-------++-------
Melee: War axe           |    89 |   105 |    70 ||   264
       Broad axe         |       |       |   207 ||   207
  Use: Scroll            |     8 |     2 |     7 ||    17
       Potion            |       |     1 |     2 ||     3
Armor: Scale mail        |    58 |    76 |   159 ||   293
       Chain mail        |       |       |    23 ||    23
Dodge: Dodged            |    50 |    33 |   123 ||   206
Block: Buckler           |    19 |    33 |   111 ||   163

Table legend: (Time is in decaauts)
 A = Elapsed time spent in this place.
 B = Non-inter-level travel time spent in this place.
 C = Inter-level travel time spent in this place.
 D = Time resting spent in this place.
 E = Time spent auto-exploring this place.
 F = Levels seen in this place.
 G = Mean time per level.
                   A        B        C        D        E       F      G
               +--------+--------+--------+--------+--------+-----+--------+
         Total |   7851 |   7621 |    230 |   1357 |   4778 |  10 |  785.1 |
       Dungeon |   7231 |   7001 |    230 |   1063 |   4587 |   8 |  903.9 |
        Temple |    223 |    223 |      0 |      0 |    177 |   1 |  223.0 |
        Bailey |    395 |    395 |      0 |    294 |     14 |   1 |  395.0 |
               +--------+--------+--------+--------+--------+-----+--------+

Top non-repeatable levels by time:
     D:6: 1402 daAuts
     D:7: 1178 daAuts
     D:3: 1122 daAuts
     D:4: 1024 daAuts
     D:2: 925 daAuts
     D:5: 846 daAuts
     D:1: 701 daAuts
  Bailey: 395 daAuts
  Temple: 223 daAuts
     D:8: 30 daAuts
